 Dungeon Crawl Stone Soup version 0.22-a0-162-g33bf127 (webtiles) character file.

825 Amnesiac the Magician (level 7, -1/46 HPs)
             Began as a Mummy Earth Elementalist on Feb 12, 2018.
             Was an Initiate of Ashenzari.
             Slain by a centaur (3 damage)
             ... on level 5 of the Dungeon.
             The game lasted 00:10:52 (4795 turns).

Amnesiac the Magician (Mummy Earth Elementalist)    Turns: 4795, Time: 00:10:53

Health: -1/46      AC:  6    Str: 11    XL:     7   Next: 64%
Magic:  7/14       EV: 12    Int: 17    God:    Ashenzari [......]
Gold:   273        SH:  3    Dex: 12    Spells: 3/15 levels left

rFire    x . .     SeeInvis .   a - +1 falchion (elec)
rCold    + + .     Gourm    .   (no shield)
rNeg     + + +     Faith    .   c - +0 robe
rPois    ∞         Spirit   .   p - +2 hat
rElec    .         Reflect  +   x - +0 cloak
rCorr    .         Harm     .   n - +0 pair of gloves
MR       .....                  (no boots)
Stlth    ++........             s - +3 amulet of reflection
HPRegen  0.15/turn              w - ring of protection from cold
MPRegen  0.14/turn              (no ring)

@: no status effects
A: no food or potions, fire vulnerability, cold resistance 1, negative energy
resistance 3, torment resistance, unbreathing
a: Curse Item, Renounce Religion


You were on level 5 of the Dungeon.
You worshipped Ashenzari.
Ashenzari was noncommittal.
You were not hungry.

You visited 2 branches of the dungeon, and saw 6 of its levels.

You collected 273 gold pieces.

Inventory:

Hand Weapons
 a - a +1 falchion of electrocution (weapon)
 b - a +0 blowgun
 h - a +0 dagger
 j - a +0 hunting sling
Missiles
 t - 14 poisoned needles
 u - 160 stones (quivered)
 v - 3 needles of confusion
Armour
 c - a +0 robe (worn)
 m - a +0 shield
 n - a +0 pair of gloves (worn)
 p - a +2 hat (worn)
 x - a +0 cloak (worn)
Jewellery
 i - an uncursed amulet of regeneration
 o - an uncursed amulet of faith
 s - a +3 amulet of reflection (around neck)
 w - a ring of protection from cold (left hand)
Wands
 y - a wand of disintegration (13)
Scrolls
 e - 4 scrolls of remove curse {!r}
 f - 2 scrolls of identify {!r}
 g - 2 scrolls of enchant weapon {!r}
 k - 4 scrolls of teleportation {!r}
 l - a scroll of magic mapping {!r}
 q - a scroll of fog {!r}
 r - 2 scrolls of enchant armour {!r}
Books
 d - a book of Geomancy

   Spells                             Type                      Level
   a - Sandblast                      Earth                        1
   b - Passwall                       Transmutation/Earth          2
   c - Stone Arrow                    Conjuration/Earth            3
   d - Petrify                        Transmutation/Earth          4
   e - Lee's Rapid Deconstruction     Earth                        5


   Skills:
 - Level 1.5 Dodging
 - Level 1.5 Stealth
 + Level 4.9 Spellcasting
 * Level 4.9 Transmutations
 * Level 4.9 Earth Magic


You had 3 spell levels left.
You knew the following spells:

 Your Spells              Type           Power        Failure   Level  Hunger
a - Sandblast             Erth           ###...       1%          1    N/A
b - Passwall              Tmut/Erth      ###.......   2%          2    N/A
d - Lee's Rapid Deconstr  Erth           ###.......   45%         5    N/A
e - Petrify               Tmut/Erth      ###.....     19%         4    N/A

Dungeon Overview and Level Annotations

Branches:
Dungeon (5/15)             Temple (1/1) D:4

Altars:
Ashenzari
Fedhas
Kikubaaqudgha
Ru
Trog
Xom
Zin

Shops:
D:4 (

Annotations:
D:4 anet's ghost, amateur BaMo


Innate Abilities, Weirdness & Mutations

You do not eat or drink.
Your flesh is vulnerable to fire.
You are immune to poison.
Your flesh is cold resistant. (rC+)
You are immune to negative energy. (rN+++)
You are immune to unholy pain and torment.
You can survive without breathing.


Message History

A centaur comes into view.
Casting: Sandblast (safe; 1% risk of failure)
Confirm with . or Enter, or press ? or * to list all spells.
Aiming: Sandblast (safe; 1% risk of failure)
Press: ? - help, Shift-Dir - straight line, f/p - centaur
Aim: a centaur (severely wounded)
The blast of sand hits the centaur.
The centaur is severely wounded.
u - 163 stones The centaur hits you but does no damage.
An orc comes into view. It is wielding a hand axe.
You closely miss the centaur.
The centaur is severely wounded.
The centaur wields a shortbow.
The centaur shoots an arrow.
The arrow hits you!
* * * LOW HITPOINT WARNING * * *
The centaur barely misses you.
You riposte.
You hit the centaur.
The centaur is almost dead.
The centaur closely misses you.
You hit the centaur.
The centaur is moderately wounded.
The centaur hits you.
* * * LOW HITPOINT WARNING * * *
The centaur unwields an uncursed shortbow.
The centaur hits you but does no damage.
The centaur misses you. The centaur closely misses you.
Unknown command.
Casting: Sandblast (safe; 1% risk of failure)
Confirm with . or Enter, or press ? or * to list all spells.
Aiming: Sandblast (safe; 1% risk of failure)
Press: ? - help, Shift-Dir - straight line, f/p - centaur
Aim: a centaur (almost dead)
The blast of sand hits the centaur.
The centaur is almost dead.
u - 162 stones The centaur hits you but does no damage.
The centaur hits you.
* * * LOW HITPOINT WARNING * * *
The centaur hits you!
* * * LOW HITPOINT WARNING * * *
Unknown command.
Casting: Sandblast (safe; 1% risk of failure)
Confirm with . or Enter, or press ? or * to list all spells.
Aiming: Sandblast (safe; 1% risk of failure)
Press: ? - help, Shift-Dir - straight line, f/p - centaur
Aim: a centaur (almost dead)
The blast of sand hits the centaur.
You kill the centaur!
u - 161 stones You block the centaur's attack.
The orc hits you but does no damage. The centaur hits you!
* * * LOW HITPOINT WARNING * * *
Unknown command.
You can't drink.
Okay, then.
Casting: Sandblast (safe; 1% risk of failure)
Confirm with . or Enter, or press ? or * to list all spells.
Aiming: Sandblast (safe; 1% risk of failure)
Press: ? - help, Shift-Dir - straight line, f - orc
Aim: an orc, wielding a hand axe and wearing a leather armour The blast of sand hits the orc.
The orc is severely wounded.
u - 160 stones The centaur hits you.
You die...

###.................#
#.......)...........#
#...................####
#.................<.....
#.............###.....#
#....##.#.............#.
#.... #.................
##### ####..oc)##.......
.......@.# ......#
######...# ....>..
#(...# ####### #.#.##
#...# #####


You could see a centaur and an orc.

Vanquished Creatures
  A sky beast (D:4)
  2 ice beasts
  A centaur (D:5)
  A crimson imp (D:5)
  2 orc priests (D:5)
  A hound (D:4)
  Crazy Yiuf (D:4)
  2 iguanas (D:4)
  2 orc wizards
  A worker ant (D:4)
  A worker ant zombie (D:5)
  5 adders
  7 worms
  3 dart slugs (D:1)
  3 leopard geckos
  13 orcs
  2 ball pythons
  4 giant cockroaches
  9 goblins
  2 hobgoblins (D:1)
  A jackal (D:1)
  6 kobolds
  3 quokkas
  9 bats
  5 frilled lizards
  A leopard gecko skeleton (D:4)
  6 rats
94 creatures vanquished.

Notes
Turn   | Place    | Note
-------+----------+-------------------------------------------
     0 | D:1      | Amnesiac the Mummy Earth Elementalist began the quest for the Orb.
     0 | D:1      | Reached XP level 1. HP: 13/13 MP: 4/4
   150 | D:1      | Reached XP level 2. HP: 17/19 MP: 2/5
   157 | D:1      | Learned a level 2 spell: Passwall
   238 | D:1      | Reached skill level 1 in Transmutations
   713 | D:1      | Reached XP level 3. HP: 24/24 MP: 7/7
  1118 | D:2      | Reached XP level 4. HP: 8/30 MP: 0/8
  1713 | D:2      | Learned a level 4 spell: Petrify
  2382 | D:3      | Found a blossoming altar of Fedhas.
  2613 | D:3      | Reached XP level 5. HP: 35/35 MP: 7/9
  3389 | D:4      | Found a bloodstained altar of Trog.
  3501 | D:4      | Found Zaoc's Weapon Boutique.
  3550 | D:4      | Found a glowing silver altar of Zin.
  3592 | D:4      | Found a staircase to the Ecumenical Temple.
  3612 | Temple   | Entered the Ecumenical Temple
  3617 | Temple   | Became a worshipper of Ashenzari the Shackled
  3790 | D:4      | Noticed an ice beast
  3805 | D:4      | Killed an ice beast
  3805 | D:4      | Reached XP level 6. HP: 27/41 MP: 11/11
  3878 | D:4      | Learned a level 5 spell: Lee's Rapid Deconstruction
  3916 | D:4      | Found a runed door.
  4060 | D:4      | Noticed anet's ghost (amateur BaMo)
  4074 | D:5      | Entered Level 5 of the Dungeon
  4256 | D:4      | Noticed Crazy Yiuf
  4261 | D:4      | Killed Crazy Yiuf
  4472 | D:5      | Noticed an ice beast
  4479 | D:5      | Killed an ice beast
  4479 | D:5      | Reached XP level 7. HP: 46/46 MP: 10/13
  4794 | D:5      | HP: 2/46 [centaur (10)]
  4795 | D:5      | Slain by a centaur

Vault maps used:
D:1:      scummos_arrival_star, st_stairs_2, minmay_surrounded
D:2:      first_ration
D:3:      fedhas_altar_2, cheibrodos_sewer_entry_bend, serial_forest,
          infiniplex_forest_lined_corner, infiniplex_forest_clump_medium,
          infiniplex_forest_clump_tiny, infiniplex_forest_clump_small,
          infiniplex_forest_straight_4, infiniplex_forest_lined_room_,
          infiniplex_forest_corner_1, kennysheep_generic_room_12
D:4:      lemuel_doored_altar, zin_treasury,
          minmay_temple_entry_statues_pillars, serial_shops, shop,
          uniq_crazy_yiuf_cottage
Temple:   zaba_magenta_temple

Skill      XL: |  1  2  3  4  5  6 |
---------------+-------------------+-----
Spellcasting   | 3 4 |  4.9
Earth Magic    | 3 4 |  4.9
Transmutations | 1 2 3 4 |  4.9
Dodging        | |  1.5
Stealth        | |  1.5

Action                   |  1- 3 |  4- 6 |  7- 9 || total
-------------------------+-------+-------+-------++-------
Melee: Dagger            |    22 |       |       ||    22
       Falchion          |       |    70 |     4 ||    74
 Fire: Hunting sling     |    58 |   133 |       ||   191
 Cast: Sandblast         |    23 |    18 |    28 ||    69
       Lee's Rapid Decon |       |     1 |       ||     1
  Use: Scroll            |       |     7 |       ||     7
 Stab: Sleeping          |       |     4 |       ||     4
       Distracted        |       |     1 |       ||     1
Armor: Robe              |     9 |    31 |     9 ||    49
Dodge: Dodged            |    25 |    78 |    18 ||   121
Block: Other             |       |     7 |     4 ||    11
       Rpst.: Falchion   |       |    15 |     5 ||    20

Table legend:
 A = Spawn XP
 B = Non-spawn XP
 C = Spawn XP percentage of total XP
 D = Spawn monster count
 E = Non-spawn monster count
 F = Spawn count percentage of total count
 G = Total turns spent on level
                    A         B        C        D         E        F      G
               +---------+---------+-------+---------+---------+-------+---------
         Total |       0 |    1179 |   0.0 |       0 |      94 |   0.0 |  4795
               +---------+---------+-------+---------+---------+-------+---------
           D:1 |       0 |      56 |   0.0 |       0 |      28 |   0.0 |   995
           D:2 |       0 |      89 |   0.0 |       0 |      19 |   0.0 |  1127
           D:3 |       0 |      77 |   0.0 |       0 |      25 |   0.0 |  1069
           D:4 |       0 |     553 |   0.0 |       0 |      15 |   0.0 |  1459
           D:5 |       0 |     404 |   0.0 |       0 |       7 |   0.0 |   135
               +---------+---------+-------+---------+---------+-------+---------
